TEX
MIDLAND ROCKHOUNDS @ FRISCO ROUGHRIDERS
04/09/2024
 
TOP OF THE 1ST
Midland RockHounds batting - Pitching for Frisco RoughRiders : RHP Jonathan Stiever
Pitching: RHP Jonathan Stiever
Batting: RHB Jacob Spanarkel 0-0: Ball
1-0: Ball
2-0: Foul Ball, location: 3SF
2-1: Swinging Strike
2-2: Foul Ball, location: 2LF
2-2: Ball
3-2: Ground out 6-3 (Groundball, 6, EV 80.6 MPH)
Batting: RHB Jonathan Arnold 0-0: Called Strike
0-1: Ball
1-1: Ball
2-1: Swinging Strike
2-2: Strikes out swinging
Batting: SHB Vincent Harrison 0-0: Ball
1-0: SINGLE (Groundball, 34D, EV 99.4 MPH)
Batting: LHB Robby Martin 0-0: Foul Ball, location: 3FF
0-1: Ball
1-1: Ball
2-1: Ground out 4-3 (Groundball, 34, EV 87.5 MPH)
Top of the 1st over - 0 runs, 1 hit, 0 errors, 1 left on base; Midland 0 - Frisco 0
BOTTOM OF THE 1ST
Frisco RoughRiders batting - Pitching for Midland RockHounds : RHP Paul Little
Pitching: RHP Paul Little
Batting: LHB Kyle Mahoney 0-0: Ball
1-0: Swinging Strike
1-1: Foul Ball, location: 2F
1-2: Ball
2-2: Fly out, F3 (Popup, 3SF, EV 74.4 MPH)
Batting: LHB Ben Rortvedt 0-0: Foul Ball, location: 5SF
0-1: Ball
1-1: Ball
2-1: Called Strike
2-2: Strikes out swinging
Batting: RHB Kevin Morrison 0-0: Ball
1-0: Ball
2-0: Called Strike
2-1: Foul Ball, location: 2F
2-2: Ball
3-2: Ground out 6-3 (Groundball, 6, EV 101.9 MPH)
Bottom of the 1st over - 0 runs, 0 hits, 0 errors, 0 left on base; Midland 0 - Frisco 0
TOP OF THE 2ND
Midland RockHounds batting - Pitching for Frisco RoughRiders : RHP Jonathan Stiever
Batting: LHB Shane Baker 0-0: Swinging Strike
0-1: Ball
1-1: Fly out, F9 (Flyball, 9, EV 88.1 MPH)
Batting: RHB Alex Fisher 0-0: Swinging Strike
0-1: Ball
1-1: Swinging Strike
1-2: Foul Ball, location: 9LMF
1-2: Strikes out swinging
Batting: LHB Luis Baker 0-0: Ball
1-0: Fly out, F8 (Flyball, 78S, EV 95.6 MPH)
Top of the 2nd over - 0 runs, 0 hits, 0 errors, 0 left on base; Midland 0 - Frisco 0
BOTTOM OF THE 2ND
Frisco RoughRiders batting - Pitching for Midland RockHounds : RHP Paul Little
Batting: LHB Chad Parker 0-0: Called Strike
0-1: SINGLE (Groundball, 4MS, EV 67.5 MPH) (infield hit)
Batting: RHB Yann Bousquet 0-0: Ball
1-0: Foul Ball, location: 2F
1-1: Ball
2-1: Foul Ball, location: 2F
2-2: Fly out, F2 (Popup, 23F, EV 89.4 MPH)
Batting: RHB Cole Mabry 0-0: Foul Ball, location: 9LSF
0-1: Swinging Strike
0-2: Strikes out looking
Batting: RHB Tanner Murray 0-0: Ball
1-0: Ground out 5-3 (Groundball, 56S, EV 80.6 MPH)
Bottom of the 2nd over - 0 runs, 1 hit, 0 errors, 1 left on base; Midland 0 - Frisco 0
TOP OF THE 3RD
Midland RockHounds batting - Pitching for Frisco RoughRiders : RHP Jonathan Stiever
Batting: SHB Angelo Ferrero 0-0: Ball
1-0: Fly out, F7 (Flyball, 7D, EV 81.3 MPH)
Batting: RHB Tom Adamic 0-0: Ball
1-0: Called Strike
1-1: Ball
2-1: Foul Ball, location: 3F
2-2: Ball
3-2: Fly out, F8 (Flyball, 8LD, EV 110.6 MPH)
Batting: RHB Jacob Spanarkel 0-0: Foul Ball, location: 2F
0-1: Swinging Strike
0-2: Ball
1-2: Ball
2-2: Strikes out swinging
Top of the 3rd over - 0 runs, 0 hits, 0 errors, 0 left on base; Midland 0 - Frisco 0
BOTTOM OF THE 3RD
Frisco RoughRiders batting - Pitching for Midland RockHounds : RHP Paul Little
Batting: LHB John Bazemore 0-0: Ball
1-0: Called Strike
1-1: Called Strike
1-2: DOUBLE (Groundball, 3L, EV 105.6 MPH)
Batting: LHB DJ Artis 0-0: Ball
1-0: Foul Ball, location: 9LSF
1-1: Swinging Strike
1-2: Foul Ball, location: 2F
1-2: Ball
2-2: Ground out U3 (Groundball, 3, EV 89.4 MPH)
John Bazemore to third
Batting: LHB Kyle Mahoney 0-0: Ball
1-0: Ball
2-0: Called Strike
2-1: Foul Ball, location: 2F
2-2: DOUBLE (Flyball, 8LXD, EV 98.8 MPH)
John Bazemore scores
Batting: LHB Ben Rortvedt 0-0: Swinging Strike
0-1: Ball
1-1: Foul Ball, location: 9LMF
1-2: Strikes out swinging
Batting: RHB Kevin Morrison 0-0: Ball
1-0: Ball
2-0: Foul Ball, location: 2F
2-1: Ball
3-1: SINGLE (Groundball, 34D, EV 101.3 MPH)
Kyle Mahoney to third
Runner from 3rd tries for Home, SAFE, throw by RF to home
Batting: LHB Chad Parker 0-0: Ball
1-0: Ball
Kevin Morrison steals 2nd base
2-0: Called Strike
2-1: Swinging Strike
2-2: Strikes out swinging
Bottom of the 3rd over - 2 runs, 3 hits, 0 errors, 1 left on base; Midland 0 - Frisco 2
TOP OF THE 4TH
Midland RockHounds batting - Pitching for Frisco RoughRiders : RHP Jonathan Stiever
Batting: RHB Jonathan Arnold 0-0: Swinging Strike
0-1: Called Strike
0-2: Ball
1-2: Foul Ball, location: 2F
1-2: Foul Ball, location: 2RF
1-2: Fly out, F8 (Flyball, 8RS, EV 91.3 MPH)
Batting: SHB Vincent Harrison 0-0: Foul Ball, location: 7LSF
0-1: Ball
1-1: Swinging Strike
1-2: Strikes out swinging
Batting: LHB Robby Martin 0-0: Ball
1-0: Ball
2-0: Foul Ball, location: 2F
2-1: Fly out, F9 (Line Drive, 9S, EV 104.4 MPH)
Top of the 4th over - 0 runs, 0 hits, 0 errors, 0 left on base; Midland 0 - Frisco 2
BOTTOM OF THE 4TH
Frisco RoughRiders batting - Pitching for Midland RockHounds : RHP Paul Little
Batting: RHB Yann Bousquet 0-0: Ball
1-0: SINGLE (Line Drive, 78S, EV 88.1 MPH)
Batting: RHB Cole Mabry 0-0: Ball
1-0: Ball
2-0: Called Strike
2-1: Ball
3-1: Ground out 4-3 (Groundball, 34, EV 108.8 MPH)
Yann Bousquet to second
Batting: RHB Tanner Murray 0-0: Ball
1-0: Called Strike
1-1: Fly out, F7 (Flyball, 78M, EV 87.5 MPH)
Batting: LHB John Bazemore 0-0: Called Strike
0-1: Ground out 2-3 (Groundball, 2L, EV 68.1 MPH)
Bottom of the 4th over - 0 runs, 1 hit, 0 errors, 1 left on base; Midland 0 - Frisco 2
TOP OF THE 5TH
Midland RockHounds batting - Pitching for Frisco RoughRiders : RHP Jonathan Stiever
Batting: LHB Shane Baker 0-0: Foul Ball, location: 2F
0-1: Ground out 5-3 (Groundball, 56, EV 101.9 MPH)
Batting: RHB Alex Fisher 0-0: Foul Ball, location: 2RF
0-1: Ball
1-1: Ball
2-1: Foul Ball, location: 2F
2-2: Ground out 6-3 (Groundball, 6, EV 76.9 MPH)
Batting: LHB Luis Baker 0-0: Called Strike
0-1: Called Strike
0-2: Fly out, F7 (Flyball, 7D, EV 98.1 MPH)
Top of the 5th over - 0 runs, 0 hits, 0 errors, 0 left on base; Midland 0 - Frisco 2
BOTTOM OF THE 5TH
Frisco RoughRiders batting - Pitching for Midland RockHounds : RHP Paul Little
Batting: LHB DJ Artis 0-0: Called Strike
0-1: SINGLE (Line Drive, 6MD, EV 104.4 MPH)
Batting: LHB Kyle Mahoney 0-0: Fielders Choice at 2nd, 4-6 (Groundball, 4, EV 90.0 MPH)
Batting: LHB Ben Rortvedt 0-0: Called Strike
Kyle Mahoney steals 2nd base
0-1: Foul Ball, location: 2F
0-2: Foul Ball, location: 2F
0-2: Strikes out swinging
Batting: RHB Kevin Morrison 0-0: Ball
1-0: Foul Ball, location: 2F
1-1: Fly out, F5 (Popup, 5S, EV 71.9 MPH)
Bottom of the 5th over - 0 runs, 1 hit, 0 errors, 1 left on base; Midland 0 - Frisco 2
TOP OF THE 6TH
Midland RockHounds batting - Pitching for Frisco RoughRiders : RHP Jonathan Stiever
Batting: SHB Angelo Ferrero 0-0: Fly out, F5 (Popup, 5S, EV 83.8 MPH)
Batting: RHB Tom Adamic 0-0: Fly out, F7 (Flyball, 7D, EV 87.5 MPH)
Batting: RHB Jacob Spanarkel 0-0: Ground out 4-3 (Groundball, 4, EV 85.6 MPH)
Top of the 6th over - 0 runs, 0 hits, 0 errors, 0 left on base; Midland 0 - Frisco 2
BOTTOM OF THE 6TH
Frisco RoughRiders batting - Pitching for Midland RockHounds : RHP Paul Little
Batting: LHB Chad Parker 0-0: Ball
1-0: Foul Ball, location: 9LSF
1-1: Ball
2-1: Fly out, F7 (Flyball, 78D, EV 98.1 MPH)
Batting: RHB Yann Bousquet 0-0: SINGLE (Line Drive, 6MD, EV 108.1 MPH)
Batting: RHB Cole Mabry 0-0: Swinging Strike
0-1: Ball
1-1: Ground out 4-3 (Groundball, 4S, EV 68.8 MPH)
Yann Bousquet to second
Batting: RHB Tanner Murray 0-0: Ball
1-0: DOUBLE (Groundball, 5L, EV 102.5 MPH)
Yann Bousquet scores
Batting: LHB John Bazemore 0-0: Called Strike
0-1: Ball
1-1: Foul Ball, location: 25F
1-2: Ball
2-2: Fly out, F6 (Popup, 4MD, EV 45.0 MPH)
Bottom of the 6th over - 1 run, 2 hits, 0 errors, 1 left on base; Midland 0 - Frisco 3
TOP OF THE 7TH
Midland RockHounds batting - Pitching for Frisco RoughRiders : RHP Jonathan Stiever
Batting: RHB Jonathan Arnold 0-0: Called Strike
0-1: Ground out 3-1 (Groundball, 34S, EV 90.6 MPH)
Batting: SHB Vincent Harrison 0-0: Swinging Strike
0-1: Ground out U3 (Groundball, 3, EV 110.0 MPH)
Batting: LHB Robby Martin 0-0: Fly out, F7 (Flyball, 78M, EV 93.8 MPH)
Top of the 7th over - 0 runs, 0 hits, 0 errors, 0 left on base; Midland 0 - Frisco 3
BOTTOM OF THE 7TH
Frisco RoughRiders batting - Pitching for Midland RockHounds : RHP Paul Little
Batting: LHB DJ Artis 0-0: Called Strike
0-1: Ball
1-1: Called Strike
1-2: Ball
2-2: Ball
3-2: Base on Balls
Pitching: LHP Zach Thomas
Batting: LHB Kyle Mahoney 0-0: Called Strike
0-1: Ball
1-1: Foul Ball, location: 5F
1-2: Fly out, F7 (Flyball, 78M, EV 92.5 MPH)
Batting: LHB Ben Rortvedt 0-0: Called Strike
0-1: Ball
1-1: Foul Ball, location: 25F
1-2: Fly out, F7 (Flyball, 78S, EV 95.0 MPH)
Batting: RHB Kevin Morrison 0-0: Called Strike
0-1: Ball
1-1: Ball
2-1: Foul Ball, location: 9LDF
2-2: Ball
3-2: 2-RUN HOME RUN (Flyball, 7LD, EV 91.9 MPH), Distance : 346 ft
Batting: LHB Chad Parker 0-0: Ball
1-0: Fly out, F7 (Line Drive, 7LM, EV 91.3 MPH)
Bottom of the 7th over - 2 runs, 1 hit, 0 errors, 0 left on base; Midland 0 - Frisco 5
TOP OF THE 8TH
Midland RockHounds batting - Pitching for Frisco RoughRiders : RHP Jonathan Stiever
Batting: LHB Shane Baker 0-0: Fly out, F7 (Flyball, 7, EV 92.5 MPH)
Batting: RHB Alex Fisher 0-0: Ball
1-0: Called Strike
1-1: Ball
2-1: Swinging Strike
2-2: Strikes out swinging
Batting: LHB Luis Baker 0-0: Ground out 6-3 (Groundball, P, EV 90.6 MPH)
Top of the 8th over - 0 runs, 0 hits, 0 errors, 0 left on base; Midland 0 - Frisco 5
BOTTOM OF THE 8TH
Frisco RoughRiders batting - Pitching for Midland RockHounds : LHP Zach Thomas
Pitching: RHP Troy Baxter
Batting: RHB Yann Bousquet 0-0: Ground out 5-3 (Groundball, 56, EV 80.6 MPH)
Batting: RHB Cole Mabry 0-0: Ball
1-0: Ground out 4-3 (Groundball, 4, EV 105.6 MPH)
Batting: RHB Tanner Murray 0-0: Foul Ball, location: 9LSF
0-1: Ball
1-1: Ball
2-1: Called Strike
2-2: Strikes out swinging
Bottom of the 8th over - 0 runs, 0 hits, 0 errors, 0 left on base; Midland 0 - Frisco 5
TOP OF THE 9TH
Midland RockHounds batting - Pitching for Frisco RoughRiders : RHP Jonathan Stiever
Batting: SHB Angelo Ferrero 0-0: Ball
1-0: Called Strike
1-1: Fly out, F9 (Flyball, 9LSF, EV 85.6 MPH)
Pinch Hitting: LHB Baron Radcliff 0-0: Ball
1-0: Called Strike
1-1: SINGLE (Groundball, 34S, EV 68.8 MPH) (infield hit)
Pitching: RHP Greg Hayes
Batting: RHB Jacob Spanarkel 0-0: Ball
1-0: Swinging Strike
1-1: Ground out 4-3 (Groundball, 34, EV 100.6 MPH)
Baron Radcliff to second
Batting: RHB Jonathan Arnold 0-0: Called Strike
0-1: Called Strike
0-2: Fly out, F9 (Flyball, 9D, EV 99.4 MPH)
Top of the 9th over - 0 runs, 1 hit, 0 errors, 1 left on base; Midland 0 - Frisco 5
Thursday, April 18th , 2024 - OOTP Baseball 24.11 Build 85